 Dungeon Crawl Stone Soup version 0.31.0-12-g77e489cdc1 (webtiles) character file.

Game seed: 12568128136605595905

247 spaghetti the Ruffian (level 6, -1/56 HPs)
             Began as a Naga Chaos Knight on Feb 27, 2024.
             Was a Plaything of Xom.
             Incinerated by a bombardier beetle (4 damage)
             ... with a burning spray
             ... on level 3 of the Dungeon.
             The game lasted 00:02:50 (1738 turns).

spaghetti the Ruffian (Naga Chaos Knight)           Turns: 1738, Time: 00:02:51

Health: -1/56      AC:  7    Str: 14    XL:     6   Next: 11%
Magic:  6/6        EV:  9    Int: 18    God:    Xom [*.....]
Gold:   23         SH:  0    Dex: 10    Spells: 5/5 levels left

rFire   . .          .
                       - Unarmed
rCold   + . .        (no shield)
rNeg    . . .        f - +2 robe {rC+}
rPois   +            e - +1 helmet {Int+3}
rElec   .            (no cloak)
rCorr   .            (no gloves)
SInv    +            (no barding)
Will    .....        (no amulet)
Stlth   +            h - ring of wizardry
HPRegen 0.29/turn    (no ring)
MPRegen 0.10/turn

%: wizardry (x1)
@: on fire, glowing, very slow
A: AC +2, large, see invisible, deformed body, poison resistance, slowness 2,
spit poison 1, naga tail 1
a: Spit Poison, Renounce Religion


You were on level 3 of the Dungeon.
You worshipped Xom.
You were a special plaything of Xom.
You visited 1 branch of the dungeon, and saw 3 of its levels.

You collected 23 gold pieces.

Inventory:

Hand Weapons
 j - a +1 dagger of venom
Missiles
 d - a throwing net
Armour
 a - a +2 leather armour
 e - a +1 helmet of intelligence (worn)
 f - a +2 robe of cold resistance (worn)
Jewellery
 h - a ring of wizardry (left hand)
Scrolls
 b - 2 scrolls of butterflies
 k - a scroll of teleportation
 l - a scroll of vulnerability {unknown}


   Skills:
 - Level 3.0 Fighting
 - Level 1.5 Armour
 - Level 0.7 Dodging
 + Level 6.6 Unarmed Combat


You had 5 spell levels left.
You didn't know any spells.
Your spell library contained the following spells:

 Spells                   Type           Power      Damage    Failure   Level
 Magic Dart               Conj           0%         1d3       9%          1
 Blink                    Tloc           0%         N/A       13%         2
 Call Imp                 Summ           0%         N/A       13%         2


Dungeon Overview and Level Annotations

Branches:
Dungeon (3/15)

Altars:
Okawaru

Shops:
D:2 *[(


Innate Abilities, Weirdness & Mutations

Your serpentine skin is tough. (AC +2)
You have supernaturally acute eyesight. (SInv)
Armour fits poorly on your strangely shaped body.
Your system is resistant to poisons. (rPois)
You cover ground very slowly.
You can spit poison.
You have a snake-like lower body.


Message History

Your butterfly is poisoned.
You kill your butterfly!
Your butterfly disappears in a burst of colours!
Your butterfly is engulfed in poison gas.
Your butterfly is poisoned.
You kill your butterfly!
Your butterfly disappears in a burst of colours!
Your butterfly is engulfed in poison gas.
Your butterfly is poisoned.
You kill your butterfly!
Your butterfly disappears in a burst of colours!
Your butterfly is engulfed in poison gas.
Your butterfly is poisoned.
You kill your butterfly!
Your butterfly disappears in a burst of colours!
Your butterfly is engulfed in poison gas.
Your butterfly is poisoned.
You kill your butterfly!
Your butterfly disappears in a burst of colours!
Your butterfly is poisoned.
Your butterfly is engulfed in poison gas.
Your butterfly is poisoned.
You kill your butterfly!
Your butterfly disappears in a burst of colours!
Your butterfly is poisoned.
Your butterfly is engulfed in poison gas.
Your butterfly is poisoned.
You kill your butterfly!
Your butterfly disappears in a burst of colours!
Your butterfly is engulfed in poison gas.
Your butterfly is poisoned.
You kill your butterfly!
Your butterfly disappears in a burst of colours!
Unknown command.
Unknown command.
Unknown command.
Unknown command.
You shake off some of the fire as you move.
The liquid fire burns you!
You die...

#.# #.# .# #.#####
... #.#... ....
#)#§########## #.#..
#..§§§§§§§b.§###§§.
#..§§§b..b§b§§§§.#
#..§§§.§§§bb.#$#§#∆
#..§.§§§b@..b.§.§# ∆
#..§§....bb§b#§§§§...
#..§§§§§§..bB§.§##.##
#.#§#####§§.###§#
#.#.# #§#§#∆ .§§∆ ∆
#§.§# .#§.. ##.§§
##.# #.#§# .. #.


You could see a bombardier beetle (ally target).

Vanquished Creatures
  Sigmund (D:2)
  3 gnolls (D:2)
  2 ribbon worms (D:3)
  An orc (D:3)
  7 endoplasms
  A giant cockroach (D:1)
  3 goblins
  8 hobgoblins
  2 jackals (D:1)
  2 quokkas
  6 ball pythons
  3 bats
  2 frilled lizards (D:1)
  3 kobolds
  5 rats
49 creatures vanquished.

Notes
Turn   | Place    | Note
-------+----------+-------------------------------------------
     0 | D:1      | spaghetti the Naga Chaos Knight began the quest for the
                  | Orb.
     0 | D:1      | Reached XP level 1. HP: 21/21 MP: 1/1
    10 | D:1      | XOM: silly message
    33 | D:1      | XOM: silly message
   103 | D:1      | Reached XP level 2. HP: 21/28 MP: 2/2
   245 | D:1      | Reached skill level 4 in Unarmed Combat
   336 | D:1      | Reached XP level 3. HP: 24/34 MP: 3/3
   511 | D:2      | Found Ewooll's Antique Armour Boutique.
   614 | D:2      | Noticed Sigmund
   617 | D:2      | XOM: potion effect (might)
   630 | D:2      | Killed Sigmund
   631 | D:2      | Reached skill level 6 in Unarmed Combat
   631 | D:2      | Reached XP level 4. HP: 26/42 MP: 4/4
   631 | D:2      | Reached XP level 5. HP: 31/49 MP: 5/5
   733 | D:2      | XOM: cloud trail
   848 | D:2      | Reached XP level 6. HP: 22/56 MP: 6/6
  1018 | D:2      | Found Lomivona's Weapon Shoppe.
  1416 | D:2      | Found Lucoguil's Assorted Antiques.
  1416 | D:2      | Found an iron altar of Okawaru.
  1484 | D:2      | XOM is BORED!
  1484 | D:2      | XOM: silly message
  1734 | D:3      | XOM: divination: detect items
  1738 | D:3      | Incinerated by a bombardier beetle

Illustrated notes

Levels and vault maps discovered:
D:1:      wander_arrival_chamber, layout_rooms
D:2:      layout_loops_corners, basic_altar, serial_shops, shop, shop, shop,
          chequers_serial_rivers_small_b, uniq_sigmund
D:3:      layout_basic, xom_confusion_cloud, hangedman_decor_lopped,
          minmay_fractal_squares_5, uniq_jessica

Skill      XL: |  1  2  3 |
---------------+----------+-----
Unarmed Combat | 4 6 |  6.6
Fighting       | |  3.0
Armour         | |  1.5
Dodging        | |  0.7

Action                     |  1- 3 |  4- 6 || total
---------------------------+-------+-------++-------
  Melee: Unarmed           |    76 |    52 ||   128
         Punch             |     1 |     3 ||     4
Ability: Spit Poison       |    19 |    13 ||    32
    Use: Potion            |       |     2 ||     2
         Scroll            |       |     3 ||     3
   Stab: Sleeping          |       |     1 ||     1
 Armour: Leather armour    |    46 |       ||    46
         Robe              |       |    30 ||    30
  Dodge: Dodged            |    48 |    29 ||    77
